AoeStats
← Long John Silver

MegaRandom

506897193Analyzed
3v3 RM · 16d ago on Sep 15, 2026· 43m 34s· 6 players
Game mode
Random Map
Map size
Normal (6 player)
Population
200
Speed
Normal
Resources
Standard
Victory
Conquest
Starting age
Dark Age
Ending age
Imperial Age
RankedLock teamsTeams togetherTeam positionsShared explorationLock speedFull tech treeHidden civsTurbo modeCheats
Victory
Defeat
🇩🇪 Byzantines · Germany
1466
+16
🇲🇴 Vietnamese · Macao SAR China
1450
+17
🇸🇪 Wei · Sweden
1415
+18
🇭🇺 Burgundians · Hungary
1544
-21
🇭🇺 Malians · Hungary
1498
-18
🇭🇺 Goths · Hungary
1349
-12
屁屁人
7:31 Loom
10:23 Feudal Age
16:34 Castle Age
14:28 Double-Bit Axe
15:11 Horse Collar
16:31 Fletching
20:39 Wheelbarrow
22:40 Bow Saw
22:37 Scale Barding Armor
24:54 Scale Mail Armor
25:05 Forging
25:40 Gold Mining
25:42 Stone Mining
26:38 Squires
27:22 Chain Mail Armor
27:37 Heavy Plow
29:59 Arson
31:46 Iron Casting
35:32 Imperial Age
32:48 Town Watch
34:36 Hand Cart
34:29 Herbal Medicine
35:39 Elite Fire Lancer
37:01 Plate Mail Armor
39:48 Stone Shaft Mining
40:09 Chain Barding Armor
40:17 Chatras
40:33 Bloodlines
40:59 Elite Battle Elephant
41:39 Husbandry
42:16 Plate Barding Armor
42:32 Paper Money
rexking512
10:49 Feudal Age
9:52 Loom
15:54 Castle Age
14:30 Fletching
16:33 Double-Bit Axe
18:58 Horse Collar
19:47 Forging
19:54 Bow Saw
23:23 Stone Mining
24:32 Gold Mining
24:58 Heavy Plow
26:59 Bodkin Arrow
28:31 Gold Mining
31:51 Scale Barding Armor
32:40 Bloodlines
33:03 Chain Barding Armor
32:53 Forging
35:13 Wheelbarrow
34:49 Husbandry
35:48 Gold Shaft Mining
35:49 Stone Shaft Mining
39:25 Imperial Age
37:10 Hand Cart
37:55 Tuntian
38:54 Forging
38:45 Padded Archer Armor
39:31 Town Watch
41:15 Chemistry
40:02 Elite Tiger Cavalry
40:57 Caravan
41:24 Conscription
41:42 Ballistics
42:01 Iron Casting
42:36 Crop Rotation
42:14 Town Patrol
42:04 Light Cavalry
42:40 Heavy Hei Guang Cavalry
44:18 Ming Guang Armor
Long John Silver
9:29 Feudal Age
14:10 Castle Age
13:00 Double-Bit Axe
15:18 Loom
22:21 Bow Saw
24:23 Horse Collar
24:34 Gold Mining
24:35 Stone Mining
26:45 Wheelbarrow
26:12 Heavy Plow
26:55 Gold Shaft Mining
27:43 Stone Shaft Mining
31:21 Imperial Age
29:07 Hand Cart
30:26 Scale Barding Armor
30:31 Forging
31:41 Chain Barding Armor
31:43 Elite Cataphract
33:51 Fletching
34:37 Plate Barding Armor
34:36 Conscription
34:19 Husbandry
35:38 Two-Man Saw
34:48 Bodkin Arrow
35:28 Iron Casting
35:14 Caravan
36:40 Logistica
38:21 Chemistry
37:41 Ballistics
38:01 Iron Casting
37:38 Bracer
41:26 Crop Rotation
Mr Pizzaman
7:33 Loom
11:15 Feudal Age
10:57 Double-Bit Axe
12:16 Horse Collar
13:40 Heavy Plow
22:20 Castle Age
20:42 Gold Mining
21:05 Bow Saw
22:23 Scale Barding Armor
23:02 Cavalier
25:50 Husbandry
29:52 Chain Barding Armor
31:27 Wheelbarrow
32:31 Two-Man Saw
39:06 Imperial Age
37:38 Forging
39:19 Iron Casting
39:10 Paladin
42:11 Plate Barding Armor
42:53 Crop Rotation
43:13 Gold Shaft Mining
Kiliander
7:32 Loom
10:54 Feudal Age
15:31 Castle Age
23:07 Squires
27:13 Fletching
29:43 Scale Mail Armor
30:45 Chain Mail Armor
30:50 Forging
33:54 Horse Collar
34:10 Double-Bit Axe
35:13 Iron Casting
36:07 Wheelbarrow
35:37 Heavy Plow
35:54 Bow Saw
41:21 Anarchy
witcherkiller
2:44 Loom
10:17 Feudal Age
10:19 Man-at-Arms
11:54 Arson
13:38 Scale Mail Armor
19:12 Castle Age
20:35 Wheelbarrow
19:46 Town Watch
20:39 Wheelbarrow
22:55 Horse Collar
29:54 Chain Mail Armor
29:49 Fletching
30:06 Squires
34:33 Forging
34:50 Double-Bit Axe
35:08 Heavy Plow
35:41 Hand Cart
38:52 Imperial Age
38:37 Iron Casting
39:20 Town Patrol
38:53 Elite Gbeto
39:34 Tigui
39:55 Conscription
40:06 Plate Mail Armor
40:33 Bodkin Arrow
40:55 Bow Saw
40:47 Padded Archer Armor
40:14 Long Swordsman
42:55 Leather Archer Armor
42:46 Scale Barding Armor
43:41 Masonry
43:52 Ballistics
44:33 Chemistry
Connection lost

Rejoining the realm…

Still unreachable

The connection could not be restored.

Session expired

The server has moved on; the page needs a fresh start.